AoeStats
← Cookiemonstah

Arena

509928436Analyzed
3v3 RM · 3d ago on Sep 28, 2026· 36m 34s· 6 players
Game mode
Random Map
Map size
Normal (6 player)
Population
200
Speed
Normal
Resources
Standard
Victory
Conquest
Starting age
Dark Age
Ending age
Imperial Age
RankedLock teamsTeams togetherTeam positionsShared explorationLock speedFull tech treeHidden civsTurbo modeCheats
Victory
Defeat
🇩🇪 Turks · Germany
813
+14
🇨🇳 Cumans · China
778
+15
🇳🇱 Spanish · Netherlands
774
-15
🇳🇱 Turks · Netherlands
771
-15
🇳🇱 Franks · Netherlands
746
-14
Hamurabi1
0:35 Loom
12:58 Feudal Age
19:27 Castle Age
17:39 Double-Bit Axe
18:04 Horse Collar
18:42 Gold Mining
30:43 Imperial Age
28:03 Town Watch
29:17 Fortified Wall
29:28 Ballistics
29:51 Gold Shaft Mining
29:23 Heavy Plow
29:52 Bow Saw
30:04 Padded Archer Armor
31:29 Leather Archer Armor
32:02 Wheelbarrow
𝘊𝘺𝘳𝘰𝘹 𝘐'𝘮.𝘉𝘳𝘰𝘬𝘦𝘯
12:03 Feudal Age
16:54 Castle Age
14:42 Loom
14:50 Fletching
15:47 Double-Bit Axe
16:07 Loom
16:51 Gold Mining
22:53 Bow Saw
25:15 Fervor
28:40 Imperial Age
25:56 Loom
27:26 Padded Archer Armor
29:33 Bodkin Arrow
29:54 Leather Archer Armor
30:36 Bracer
32:14 Chemistry
32:35 Ring Archer Armor
34:11 Wheelbarrow
欧皇
11:22 Feudal Age
21:39 Castle Age
22:10 Wheelbarrow
21:41 Horse Collar
23:20 Double-Bit Axe
32:16 Murder Holes
Cookiemonstah
5:26 Loom
Max
11:25 Feudal Age
9:41 Loom
17:20 Castle Age
15:42 Double-Bit Axe
15:49 Horse Collar
19:07 Fletching
19:51 Scale Barding Armor
20:40 Wheelbarrow
25:47 Hand Cart
26:22 Murder Holes
27:22 Bodkin Arrow
27:48 Chain Barding Armor
31:16 Padded Archer Armor
33:32 Scale Mail Armor
33:48 Leather Archer Armor
MTT1996
3:53 Loom
11:42 Feudal Age
18:04 Castle Age
16:44 Double-Bit Axe
21:24 Scale Barding Armor
21:30 Forging
21:27 Husbandry
23:58 Squires
24:37 Town Watch
26:56 Scale Mail Armor
30:16 Fletching
30:53 Gold Mining
30:54 Stone Mining
36:25 Imperial Age
Connection lost

Rejoining the realm…

Still unreachable

The connection could not be restored.

Session expired

The server has moved on; the page needs a fresh start.